 Seeded DCSS version 0.29-a0-268-g5627465 (webtiles) character file.

Game seed: 8611342615672505061 (custom seed)

129 Ayyar the Magician (level 4, -1/30 HPs)
             Began as a Demonspawn Conjurer on Mar 6, 2022.
             Slain by Duvessa
             ... wielding a +0 short sword
              (3 damage)
             ... on level 4 of the Dungeon.
             The game lasted 00:11:18 (3868 turns).

Ayyar the Magician (Demonspawn Conjurer)            Turns: 3868, Time: 00:11:19

Health: -1/30      AC:  4    Str:  8    XL:     4   Next: 88%
Magic:  15/19      EV: 12    Int: 21    God:
Gold:   157        SH:  0    Dex: 11    Spells: 10/11 levels left

rFire   . . .      SeeInvis .   g - +0 dagger (drain)
rCold   . . .      Faith    .   (no shield)
rNeg    . . .      Spirit   .   a - +0 robe
rPois   .          Reflect  .   (helmet restricted)
rElec   .          Harm     .   (no cloak)
rCorr   .          Rampage  .   (no gloves)
Will    .....                   (no boots)
Stlth   +.........              (no amulet)
HPRegen 0.10/turn               k - ring of magical power
MPRegen 0.16/turn               (no ring)

@: lit by a corona, glowing
A: antennae 1, icy blue scales 1
a: no special abilities


You were on level 4 of the Dungeon.
You visited 1 branch of the dungeon, and saw 4 of its levels.

You collected 157 gold pieces.

Inventory:

Hand Weapons
 g - a +0 dagger of draining (weapon)
Missiles
 f - a throwing net
Armour
 a - a +0 robe (worn)
Jewellery
 k - a ring of magical power (left hand)
Scrolls
 h - 3 scrolls of identify {unknown}
 i - a scroll of fog {unknown}
 l - a scroll of blinking {unknown}
Potions
 b - a potion of magic
 c - a potion of curing {unknown}
 d - 2 potions of brilliance {unknown}
 e - 2 potions of resistance {unknown}
 j - 2 potions of ambrosia {unknown}
 m - a potion of mutation {unknown}


   Skills:
 + Level 2.1 Dodging
 + Level 2.1 Stealth
 + Level 4.3 Spellcasting
 + Level 4.1 Conjurations


You had 10 spell levels left.
You knew the following spells:

 Your Spells              Type           Power      Damage    Failure   Level
a - Magic Dart            Conj           88%        1d7       1%          1

Your spell library contained the following spells:

 Spells                   Type           Power      Damage    Failure   Level
 Searing Ray              Conj           44%        2d6       3%          2
 Dazzling Flash           Conj/Hex       26%        N/A       14%         3
 Fulminant Prism          Conj/Hex       6%         3d7       43%         4
 Iskenderun's Mystic Bla  Conj/Tloc      13%        2d5       43%         4


Dungeon Overview and Level Annotations

Branches:
Dungeon (4/15)
 Temple: D:4-7

Altars:

Annotations:
D:4 Duvessa


Innate Abilities, Weirdness & Mutations

You have a pair of small antennae on your head.
You are partially covered in icy blue scales. (AC +2)


Message History

A dart slug comes into view.
Dowan says, "My weaknesses are her strengths!"
The magic dart hits Dowan!
Dowan is moderately wounded.
Dowan points at you and mumbles some strange words.
You are outlined in light.
The magic dart hits Dowan.
Dowan is heavily wounded.
The magic dart hits Dowan but does no damage.
Dowan is heavily wounded.
The magic dart hits Dowan.
Dowan is heavily wounded.
Dowan hits you but does no damage.
The magic dart hits Dowan.
Dowan is severely wounded.
Dowan hits you with a +0 dagger.
You miss Dowan.
Dowan is severely wounded.
Dowan hits you with a +0 dagger.
You barely miss Dowan.
Dowan is severely wounded.
Dowan hits you but does no damage.
The magic dart hits Dowan.
Dowan is severely wounded.
Dowan says, "Magic and the sword, together, will defeat you."
Dowan casts a spell.
Dowan blinks!
The magic dart hits Dowan.
You kill Dowan!
You hear a distant scream of rage.
Your Dodging skill increases to level 2!
Your Stealth skill increases to level 2!
Things that are here:
a +0 dagger; a +0 robe; the elf corpse of Dowan Duvessa goes berserk!
Duvessa hits you with a +0 short sword! Duvessa hits you with a +0 short sword!
* * * LOW HITPOINT WARNING * * *
Duvessa hits you with a +0 short sword.
You die...

#.#..#.# #.#### .
#....#.# #....# ..
####.#.# #..#)#..
#.#.# #......
#.#.####..#####
#.#...........#
#..).........##.##
######.e......=..#
#@#####.....# #.#
#.###.# #.# #.# #
#.# #.# #<# #..
### ... ###


You could see Duvessa (berserk).

Vanquished Creatures
  Dowan (D:4)
  2 adders (D:2)
  3 dart slugs
  An orc (D:3)
  4 ball pythons
  An endoplasm (D:2)
  3 giant cockroaches
  14 goblins
  7 hobgoblins
  3 quokkas
  4 bats (D:3)
  6 frilled lizards
  6 kobolds
  2 rats
57 creatures vanquished.

Notes
Turn   | Place    | Note
-------+----------+-------------------------------------------
     0 | D:1      | Ayyar the Demonspawn Conjurer began the quest for the Orb.
     0 | D:1      | Reached XP level 1. HP: 13/13 MP: 3/3
   502 | D:1      | Gained mutation: You have a pair of small antennae on your
                  | head. [demonic ancestry]
   502 | D:1      | Reached XP level 2. HP: 19/19 MP: 3/5
   823 | D:1      | Found a faded altar of an unknown god.
  1402 | D:1      | You fall into a shaft and drop 1 floor!
  1596 | D:2      | Reached XP level 3. HP: 24/24 MP: 5/7
  2006 | D:2      | Identified the +5 short sword of Irritation {antimagic,
                  | Drain rN+++ Int+4 Stlth+}
  2376 | D:3      | Gained mutation: You are partially covered in icy blue
                  | scales. (AC +2) [demonic ancestry]
  2376 | D:3      | Reached XP level 4. HP: 30/30 MP: 7/10
  3203 | D:4      | Noticed Duvessa
  3203 | D:4      | Noticed Dowan
  3203 | D:4      | Noticed a phantom
  3499 | D:4      | Noticed an ogre
  3857 | D:4      | Killed Dowan
  3868 | D:4      | Slain by Duvessa

Illustrated notes

Levels and vault maps discovered:
D:1:      matt_arrival_spirals, layout_basic, basic_ecumenical_altar
D:2:      layout_rooms
D:3:      layout_loops_ring, minmay_goblin_outpost
D:4:      layout_basic, nemelex_dance_club_becter, minmay_circle_x, uniq_duvessa

Skill      XL: |  1  2  3  4 |
---------------+-------------+-----
Spellcasting   | 3 4 |  4.3
Dodging        | 2 |  2.1
Stealth        | 2 |  2.1
Conjurations   | |  4.1

Action                   |  1- 3 |  4- 6 || total
-------------------------+-------+-------++-------
Melee: Unarmed           |    15 |       ||    15
       Dagger            |       |    12 ||    12
 Cast: Magic Dart        |    79 |    37 ||   116
Armor: Robe              |     6 |     8 ||    14
Dodge: Dodged            |    26 |    11 ||    37

Table legend: (Time is in decaauts)
 A = Elapsed time spent in this place.
 B = Non-inter-level travel time spent in this place.
 C = Inter-level travel time spent in this place.
 D = Time resting spent in this place.
 E = Time spent auto-exploring this place.
 F = Levels seen in this place.
 G = Mean time per level.
                   A        B        C        D        E       F      G
               +--------+--------+--------+--------+--------+-----+--------+
         Total |   3869 |   3687 |    182 |    764 |   2337 |   4 |  967.2 |
       Dungeon |   3869 |   3687 |    182 |    764 |   2337 |   4 |  967.2 |
               +--------+--------+--------+--------+--------+-----+--------+

Top non-repeatable levels by time:
     D:1: 1485 daAuts
     D:3: 1438 daAuts
     D:2: 785 daAuts
     D:4: 160 daAuts
